 Dungeon Crawl Stone Soup version 0.30.1-4-g462c640d31 (webtiles) character file.

Game seed: 2925056625712424348

3651 Zeor the Thaumaturge (level 9, 36/36 HPs)
             Began as a Felid Conjurer on Aug 12, 2023.
             Was a High Priest of Vehumet.
             Quit the game on level 2 of the Lair of Beasts.
             The game lasted 00:59:36 (13148 turns).

Zeor the Thaumaturge (Felid Conjurer)              Turns: 13148, Time: 00:59:37

Health: 36/36      AC:  6    Str:  3    XL:     9   Next: 88%
Magic:  17/24      EV: 23    Int: 24    God:    Vehumet [*****.]
Gold:   338        SH:  0    Dex: 15    Spells: 1/28 levels left
                                        Lives:  1   Deaths: 2

rFire   . .          .
                       - Unarmed
rCold   . . .        (shield unavailable)
rNeg    . . .        (body armour unavailable)
rPois   .            (helmet unavailable)
rElec   .            (cloak unavailable)
rCorr   .            (gloves unavailable)
SInv    +            (boots unavailable)
Will    +....        d - amulet of regeneration
Stlth   +++          o - +4 ring of protection
HPRegen 1.06/turn    s - +5 ring of evasion
MPRegen 0.19/turn

%: no passive effects
@: quick
A: very small, claws 1, fangs 3, see invisible, speed 1, shaggy fur 2, stealthy
paws, no weapons or thrown items, no armour, multi-lived
a: Renounce Religion


You were on level 2 of the Lair of Beasts.
You worshipped Vehumet.
Vehumet was extremely pleased with you.
You visited 3 branches of the dungeon, and saw 11 of its levels.
You also visited: Sewer.

You collected 549 gold pieces.
You spent 211 gold pieces at shops.

Inventory:

Jewellery
 d - an amulet of regeneration (around neck)
 n - a ring of flight
 o - a +4 ring of protection (left paw)
 s - a +5 ring of evasion (right paw)
 A - a ring of willpower
Wands
 e - a wand of flame (24)
 q - a wand of paralysis (4)
 w - a wand of roots (8)
 x - a wand of acid (14)
Scrolls
 a - 3 scrolls of teleportation
 g - a scroll of fog
 l - 2 scrolls of magic mapping
 p - a scroll of blinking
 t - a scroll of amnesia
 u - a scroll of identify
 y - a scroll of immolation
Potions
 b - 2 potions of attraction
 c - 4 potions of curing
 f - 3 potions of might
 h - 2 potions of berserk rage
 i - 6 potions of flight
 j - 2 potions of magic
 k - 3 potions of haste
 m - 3 potions of heal wounds
 r - 2 potions of brilliance
 v - a potion of cancellation
 z - 2 potions of lignification


   Skills:
 + Level 1.8 Fighting
 + Level 4.4 Dodging
 + Level 5.3 Stealth
 + Level 1.5 Unarmed Combat
 * Level 10.2 Spellcasting
 * Level 8.9 Conjurations
 + Level 0.9 Hexes
 + Level 3.1 Translocations
 + Level 1.8 Transmutations
 + Level 3.5 Fire Magic
 + Level 2.1 Ice Magic
 + Level 3.0 Air Magic
 + Level 3.8 Poison Magic


You had one spell level left.
You knew the following spells:

 Your Spells              Type           Power      Damage    Failure   Level
a - Sticky Flame          Conj/Fire      42%        2d6       1%          4
b - Iskenderun's Mystic   Conj/Tloc      41%        2d9       1%          4
d - Magic Dart            Conj           100%       1d8       1%          1
f - Dazzling Flash        Conj/Hex       72%        N/A       1%          3
h - Hailstorm             Conj/Ice       38%        3d9       1%          3
i - Ignite Poison         Fire/Tmut/Pois 27%        N/A       1%          3
m - Mephitic Cloud        Conj/Pois/Air  37%        N/A       1%          3
r - Searing Ray           Conj           100%       2d8       1%          2
s - Shock                 Conj/Air       100%       1d9       1%          1
v - Volatile Blastmotes   Fire/Tloc      56%        2d14      1%          3

Your spell library contained the following spells:

 Spells                   Type           Power      Damage    Failure   Level
 Iron Shot                Conj/Erth      16%        9d4       30%         6
 Freeze                   Ice            88%        1d9       1%          1
 Frozen Ramparts          Ice            44%        1d7       1%          3
 Inner Flame              Hex/Fire       23%        N/A       1%          3
 Fulminant Prism          Conj/Hex       18%        3d10      1%          4
 Call Imp                 Summ           24%        N/A       8%          2
 Yara's Violent Unravell  Hex/Tmut       9%         3d6       21%         5
 Lee's Rapid Deconstruct  Erth           6%         3d6*      34%         5
 Enfeeble                 Hex            8%         N/A       100%        7


Dungeon Overview and Level Annotations

Branches:
Dungeon (8/15)             Temple (1/1) D:4            Lair (2/5) D:8
  Swamp (0/4) Lair:2        Sewer (visited)
  Snake: Lair:2-3    Spider: Lair:2-3

Altars:
Ashenzari
Dithmenos
Elyvilon
Gozag
Hepliaklqana
Nemelex Xobeh
Okawaru
Sif Muna
Vehumet
Xom
Yredelemnul
Zin

Shops:
D:4 [   D:7 *   D:8 *


Innate Abilities, Weirdness & Mutations

You have sharp claws.
You have razor-sharp teeth.
You have supernaturally acute eyesight. (SInv)
You cover ground quickly. (Speed+)
You are covered in thick fur. (AC +2)
Your paws help you pounce on unaware monsters.
You are incapable of wielding weapons or throwing items.
You cannot wear armour.
You gain extra lives every three experience levels.


Message History

You see here a ring of willpower.
A - a ring of willpower
Casting: Searing Ray (safe; 1% risk of failure)
Confirm with . or Enter, or press ? or * to list all spells.
A cloud of volatile blastmotes flares up around you!
A bullfrog comes into view.
Found a stone staircase leading up.
The cloud of blastmotes explodes!
The concussive blast engulfs the komodo dragon!
The komodo dragon is lightly wounded.
You hear an angry hiss. x2
Casting: Volatile Blastmotes (safe; 1% risk of failure)
Confirm with . or Enter, or press ? or * to list all spells.
A cloud of volatile blastmotes flares up around you!
The bullfrog croaks.
The cloud of blastmotes explodes!
The concussive blast engulfs the komodo dragon!
The komodo dragon is heavily wounded.
You hear a loud, deep croak!
Casting: Volatile Blastmotes (safe; 1% risk of failure)
Confirm with . or Enter, or press ? or * to list all spells.
A cloud of volatile blastmotes flares up around you!
A cane toad comes into view.
Found 16 gold pieces.
The cane toad gives a loud, deep croak!
The cloud of blastmotes explodes!
The concussive blast engulfs the komodo dragon!
The komodo dragon is severely wounded.
You hear an angry growl.
As you read the scroll of teleportation, it crumbles to dust.
You feel strangely unstable.
Found a wand of flame (12).
The cane toad completely misses you.
A black bear comes into view.
You see here 16 gold pieces.
Your surroundings suddenly seem different.
A basilisk comes into view.
Found a flail.
A rime drake comes into view.
Enter note: fuck this. fuck you Are you sure you want to abandon this character and quit the game? (Confirm with "yes".)

▒▒∙∙∙ ▒▒∙∙∙▒▒▒
▒∙∙ ▒∙∙∙∙∙∙▒▒▒P∙▒
▒▒∙∙∙∙∙∙∙∙∙∙∙∙
▒∙∙∙∙∙∙∙∙∙∙∙∙∙
▒∙∙∙∙∙∙∙∙∙∙∙∙∙
▒▒∙∙∙∙∙∙∙∙∙∙∙∙
▒∙∙∙∙∙∙∙P∙∙∙∙∙
▒▒∙∙∙∙h∙▒∙∙∙∙
▒∙∙)∙∙∙∙∙∙∙∙∙∙∙
▒∙∙∙##∙∙∙∙∙∙∙∙∙∙∙
▒∙∙##≈≈#∙∙∙∙∙∙∙∙
▒▒∙#▒▒▒≈∙∙l∙∙∙∙▒▒
▒∙≈≈▒▒≈∙∙∙∙∙∙k<


∙∙∙∙ ∙∙ ▒∙#≈▒▒≈∙∙∙∙∙∙▒∙ ∙∙P▒ ∙∙ ▒∙≈≈≈≈≈∙∙∙∙∙∙▒▒▒∙∙▒▒ ∙P∙ ▒∙∙∙∙∙∙∙∙∙∙▒∙∙∙∙∙∙∙▒▒
You could see a basilisk and a rime drake.

Vanquished Creatures
  Pikel (D:8)
  A black mamba (Lair:1)
  3 cane toads (Lair:1)
  A komodo dragon (D:8)
  9 yaks
  A steam dragon (D:6)
  2 water moccasins (Lair:1)
  2 orc warriors
  2 black bears
  2 sky beasts (D:7)
  3 ice beasts (D:5)
  4 ogres
  4 wolves (Lair:1)
  A centaur (D:6)
  2 kobold brigands (D:7)
  A phantom (D:5)
  5 bullfrogs
  3 necrophages (D:4)
  2 scorpions
  8 wights
  3 howler monkeys
  A lava snake (D:7)
  A human zombie (D:4)
  A bullfrog zombie (D:4)
  3 jellies
  A centaur zombie (D:4)
  5 orc priests
  3 hounds
  3 gnoll boudas
  Jessica (D:2)
  An iguana (D:5)
  10 orc wizards
  A scorpion zombie (D:4)
  A malarious merfolk avatar (Sewer)
  A sickly merfolk siren (Sewer)
  A mummy (D:4)
  A howler monkey zombie (D:4)
  Robin (D:3)
  11 gnolls
  6 adders
  A river rat (Sewer)
  2 white imps
  2 ufetubi
  An adder zombie (D:4)
  3 worms
  3 dart slugs
  22 orcs
  11 ball pythons
  5 bats
  6 endoplasms
  2 giant cockroaches (D:3)
  28 goblins
  9 hobgoblins
  8 jackals
  9 quokkas
  11 frilled lizards
  15 kobolds
  28 rats
279 creatures vanquished.

Notes
Turn   | Place    | Note
-------+----------+-------------------------------------------
     0 | D:1      | Zeor the Felid Conjurer began the quest for the Orb.
     0 | D:1      | Reached XP level 1. HP: 7/7 MP: 4/4
   163 | D:1      | Reached XP level 2. HP: 11/11 MP: 3/6
   169 | D:1      | Learned a level 2 spell: Searing Ray
  1037 | D:1      | Reached XP level 3. HP: 14/14 MP: 5/7
  1041 | D:1      | Learned a level 3 spell: Dazzling Flash
  1450 | D:2      | Noticed Jessica
  1452 | D:2      | Killed Jessica
  1453 | D:2      | Reached XP level 4. HP: 18/18 MP: 4/8
  1981 | D:2      | You fall into a shaft and drop 2 floors!
  1991 | D:4      | Found Feomp's Armour Emporium.
  2007 | D:4      | Found a staircase to the Ecumenical Temple.
  2017 | Temple   | Entered the Ecumenical Temple
  2031 | Temple   | Became a worshipper of Vehumet
  2069 | D:4      | Found a glowing drain.
  2084 | Sewer    | Entered a sewer
  2223 | Sewer    | Reached skill level 5 in Conjurations
  2278 | Sewer    | Reached * piety under Vehumet
  2278 | Sewer    | Offered knowledge of Shock by Vehumet.
  2417 | Sewer    | Reached XP level 5. HP: 21/21 MP: 2/10
  2507 | Sewer    | Reached skill level 3 in Spellcasting
  2558 | Sewer    | Learned a level 1 spell: Shock
  2853 | D:3      | Found a shimmering blue altar of Sif Muna.
  3086 | D:3      | Learned a level 3 spell: Mephitic Cloud
  3103 | D:3      | Reached ** piety under Vehumet
  3103 | D:3      | Offered knowledge of Scorch by Vehumet.
  3476 | D:3      | Gained mutation: You are covered in thick fur. (AC +2)
                  | [Felid growth]
  3476 | D:3      | Reached XP level 6. HP: 24/24 MP: 7/12
  4274 | D:3      | Noticed Robin
  4297 | D:3      | Reached skill level 4 in Spellcasting
  4619 | D:3      | Killed Robin
  4742 | D:4      | Found a broken altar of Ashenzari.
  4809 | D:4      | Offered knowledge of Ignite Poison by Vehumet.
  4814 | D:4      | Learned a level 3 spell: Ignite Poison
  5355 | D:4      | Reached *** piety under Vehumet
  5425 | D:4      | Reached XP level 7. HP: 25/27 MP: 9/15
  5466 | D:4      | Found a basalt altar of Yredelemnul.
  5474 | D:4      | Reached skill level 1 in Unarmed Combat
  5773 | D:4      | Reached skill level 5 in Spellcasting
  5773 | D:4      | Reached skill level 1 in Poison Magic
  6018 | D:4      | Reached skill level 1 in Fire Magic
  6064 | D:4      | Reached skill level 1 in Air Magic
  6115 | D:4      | Learned a level 3 spell: Hailstorm
  6314 | D:4      | Reached XP level 8. HP: 31/31 MP: 15/17
  6414 | D:4      | Found a shadowy altar of Dithmenos.
  6605 | D:5      | Entered Level 5 of the Dungeon
  6873 | D:5      | Offered knowledge of Airstrike by Vehumet.
  6887 | D:5      | Killed from afar by a white imp
  6888 | D:5      | Reached XP level 7. HP: -3/28 MP: 1/16
  6920 | D:5      | Reached skill level 6 in Spellcasting
  7139 | D:5      | Reached skill level 1 in Fighting
  7276 | D:5      | Noticed a two-headed ogre
  7467 | D:5      | Reached XP level 8. HP: 32/32 MP: 10/18
  7847 | D:6      | HP: 1/32 [steam dragon/ball of steam (22)]
  7860 | D:6      | Reached skill level 7 in Spellcasting
  7992 | D:6      | Learned a level 4 spell: Iskenderun's Mystic Blast
  8077 | D:6      | Reached **** piety under Vehumet
  8812 | D:6      | Reached skill level 1 in Transmutations
  9063 | D:7      | Offered knowledge of Sticky Flame by Vehumet.
  9098 | D:7      | Reached XP level 9. HP: 35/35 MP: 4/21
  9224 | D:7      | Identified the scarf "Dihy" {harm, *Slow rElec Will- Int+5}
  9520 | D:7      | Reached skill level 8 in Spellcasting
  9592 | D:7      | Learned a level 3 spell: Volatile Blastmotes
  9953 | D:7      | Found Diecimol's General Store.
 10628 | D:7      | Bought a wand of roots (8) for 211 gold pieces
 10722 | D:8      | Noticed Pikel
 10811 | D:8      | Found a staircase to the Lair.
 10812 | D:8      | Noticed a komodo dragon
 11206 | D:8      | Killed Pikel
 11207 | D:8      | Reached skill level 5 in Stealth
 11207 | D:8      | Reached skill level 1 in Translocations
 11398 | D:8      | Found a white marble altar of Elyvilon.
 11451 | D:8      | Reached XP level 10. HP: 40/40 MP: 10/23
 11556 | D:8      | Found a shimmering altar of Xom.
 11721 | D:8      | Found Ketabazu's Fire Supplies.
 11753 | D:8      | Reached skill level 9 in Spellcasting
 11945 | D:8      | Found a hazy altar of Hepliaklqana.
 11945 | D:8      | Found an iron altar of Okawaru.
 11947 | D:8      | Found a glowing silver altar of Zin.
 11947 | D:8      | Found a sparkling altar of Nemelex Xobeh.
 12155 | D:8      | Learned a level 4 spell: Sticky Flame
 12365 | Lair:1   | Entered Level 1 of the Lair of Beasts
 12465 | Lair:1   | Noticed a cane toad
 12477 | Lair:1   | Killed a cane toad
 12569 | Lair:1   | Noticed a cane toad
 12574 | Lair:1   | Killed a cane toad
 12602 | Lair:1   | Reached skill level 1 in Ice Magic
 12620 | Lair:1   | Noticed a cane toad
 12631 | Lair:1   | Noticed a black mamba
 12760 | Lair:1   | Killed a cane toad
 12865 | Lair:1   | Reached ***** piety under Vehumet
 12867 | Lair:1   | Reached skill level 10 in Spellcasting
 12876 | Lair:1   | Offered knowledge of Iron Shot by Vehumet.
 12953 | Lair:1   | Killed a black mamba
 13115 | Lair:1   | You fall into a shaft and drop 1 floor!
 13115 | Lair:2   | Found a staircase to the Swamp.
 13116 | Lair:2   | Collided with some deep water
 13117 | Lair:2   | Reached XP level 9. HP: -1/36 MP: 24/24
 13123 | Lair:2   | Noticed a komodo dragon
 13141 | Lair:2   | Noticed a cane toad
 13147 | Lair:2   | Noticed a rime drake
 13148 | Lair:2   | fuck this. fuck you
 13148 | Lair:2   | Quit the game

Illustrated notes

▒▒∙∙∙ ▒▒∙∙∙▒▒▒
▒∙∙ ▒∙∙∙∙∙∙▒▒▒P∙▒
▒▒∙∙∙∙∙∙∙∙∙∙∙∙
▒∙∙∙∙∙∙∙∙∙∙∙∙∙
▒∙∙∙∙∙∙∙∙∙∙∙∙∙
▒▒∙∙∙∙∙∙∙∙∙∙∙∙
▒∙∙∙∙∙∙∙P∙∙∙∙∙
▒▒∙∙∙∙h∙▒∙∙∙∙
▒∙∙)∙∙∙∙∙∙∙∙∙∙∙
▒∙∙∙##∙∙∙∙∙∙∙∙∙∙∙
▒∙∙##≈≈#∙∙∙∙∙∙∙∙
▒▒∙#▒▒▒≈∙∙l∙∙∙∙▒▒
▒∙≈≈▒▒≈∙∙∙∙∙∙k<


∙∙∙∙ ∙∙ ▒∙#≈▒▒≈∙∙∙∙∙∙▒∙ ∙∙P▒ ∙∙ ▒∙≈≈≈≈≈∙∙∙∙∙∙▒▒▒∙∙▒▒ ∙P∙ ▒∙∙∙∙∙∙∙∙∙∙▒∙∙∙∙∙∙∙▒▒
Turn 13148 on Lair:2: fuck this. fuck you

Levels and vault maps discovered:
D:1:      heliophobic_arrival_henge, layout_basic
D:2:      layout_loops_ring, minmay_stone_trees_small, hex_tiny, uniq_jessica
D:3:      kennysheep_goblin_castle, layout_loops_cross,
          nicolae_sif_muna_little_library
D:4:      layout_basic, ashenzari_conservatory_becter,
          lemuel_coloured_pillars_altar, lemuel_mausoleum_altar_yredelemnul,
          minmay_temple_entry_junction, portal_sewer_entry_b, serial_shops,
          shop, kennysheep_generic_room_15
D:5:      layout_cave_pools, grunt_tough_drop
D:6:      layout_loops_ring, nicolae_concentric_dashed_squares_wild,
          skrybe_limestone_x
D:7:      layout_basic, serial_shops, nicolae_inconvenience_store,
          small_statue_intersection
D:8:      layout_gridville, mainiacjoe_overflow_alcove_3, lemuel_crystal_altar,
          amcnicky_altar_gilded, david_lair_shrubbed, nicolae_shop_fire_sale
          [nicolae_sub_dead_trees], uniq_pikel
Temple:   hellmonk_temple_forest_ring
Lair:1:   layout_hall_layers
Lair:2:   layout_gridlike, nicolae_swamp_entry_splash_gauntlet,
          cheibrodos_lair_lostbears, infiniplex_staircase_pool_2

Skill      XL: |  1  2  3  4  5  6  7  8  9 10 |
---------------+-------------------------------+-----
Conjurations   | 4 5 6 7 8 |  8.9
Stealth        | 3 4 5 |  5.3
Spellcasting   | 3 4 6 7 8 10 | 10.2
Dodging        | 3 4 |  4.4
Unarmed Combat | 1 |  1.5
Poison Magic   | 1 2 3 |  3.8
Fire Magic     | 1 2 3 |  3.5
Air Magic      | 1 2 3 |  3.0
Fighting       | 1 |  1.8
Transmutations | 1 |  1.8
Translocations | 1 3 |  3.1
Ice Magic      | 2 |  2.1
Hexes          | |  0.9

Action                     |  1- 3 |  4- 6 |  7- 9 | 10-12 || total
---------------------------+-------+-------+-------+-------++-------
  Melee: Unarmed           |       |    26 |    16 |     1 ||    43
         Bite              |       |     1 |     1 |       ||     2
   Cast: Magic Dart        |    44 |    78 |    29 |     2 ||   153
         Searing Ray       |     8 |    34 |    57 |     6 ||   105
         Shock             |       |    20 |    15 |       ||    35
         Dazzling Flash    |       |     1 |     7 |       ||     8
         Mephitic Cloud    |       |     8 |    43 |    12 ||    63
         Ignite Poison     |       |       |    22 |     9 ||    31
         Hailstorm         |       |       |    10 |     7 ||    17
         Iskenderun's Myst |       |       |    12 |    12 ||    24
         Volatile Blastmot |       |       |     8 |    11 ||    19
         Sticky Flame      |       |       |       |     1 ||     1
    Use: Scroll            |     2 |    10 |    11 |     2 ||    25
         Potion            |       |     1 |     1 |       ||     2
   Stab: Sleeping          |       |     5 |     1 |       ||     6
         Confused          |       |     1 |       |       ||     1
 Armour: Skin              |       |     5 |     8 |     1 ||    14
  Dodge: Dodged            |     5 |    32 |    85 |    14 ||   136
